 Dungeon Crawl Stone Soup version 0.30.0-29-ga12c61a403 (webtiles) character file.

Game seed: 860688681889198133

116 Graphine the Trooper (level 4, -2/37 HPs)
             Began as a Demonspawn Monk on June 21, 2023.
             Slain by an orc warrior
             ... wielding a +0 war axe
              (7 damage)
             ... on level 4 of the Dungeon.
             The game lasted 00:03:42 (2595 turns).

Graphine the Trooper (Demonspawn Monk)              Turns: 2595, Time: 00:03:43

Health: -2/37      AC:  3    Str: 12    XL:     4   Next: 69%
Magic:  4/4        EV: 13    Int: 11    God:
Gold:   208        SH:  0    Dex: 17    Spells: 3/3 levels left

rFire   . . .        a - +0 falchion
rCold   . . .        d - orb {light}
rNeg    . . .        b - +1 robe
rPois   .            (helmet restricted)
rElec   .            (no cloak)
rCorr   .            (no gloves)
SInv    .            (no boots)
Will    .....        (no amulet)
Stlth   +            (no ring)
HPRegen 0.26/turn    (no ring)
MPRegen 0.09/turn

%: no passive effects
@: glowing
A: horns 1, demonic guardian 1
a: no special abilities


You were on level 4 of the Dungeon.
You visited 1 branch of the dungeon, and saw 4 of its levels.

You collected 208 gold pieces.

Inventory:

Hand Weapons
 a - a +0 falchion (weapon)
Armour
 b - a +1 robe (worn)
 d - an orb of light (worn)
 h - a +0 leather armour
Scrolls
 e - 2 scrolls of teleportation {unknown}
 p - a scroll of fog
Potions
 c - a potion of ambrosia
 f - a potion of magic
 g - a potion of mutation
 j - 5 potions of curing
 k - a potion of invisibility {unknown}
 l - a potion of heal wounds {unknown}
 o - a potion of resistance {unknown}
 q - a potion of might {unknown}


   Skills:
 + Level 3.9 Fighting
 + Level 3.5 Long Blades
 + Level 0.6 Throwing
 + Level 3.5 Dodging


You had 3 spell levels left.
You didn't know any spells.
Your spell library contained the following spells:

 Spells                   Type           Power      Damage    Failure   Level
 Kiss of Death            Conj/Necr      0%         2d5       34%         1
 Lesser Beckoning         Tloc           0%         N/A       47%         2
 Confusing Touch          Hex            0%         N/A       71%         3
 Gell's Gravitas          Tloc           0%         N/A       71%         3
 Teleport Other           Tloc           0%         N/A       71%         3
 Dispel Undead            Necr           0%         3d6       98%         4


Dungeon Overview and Level Annotations

Branches:
Dungeon (4/15)
 Temple: D:4-7

Altars:
Qazlal
Trog

Shops:
D:2 (


Innate Abilities, Weirdness & Mutations

You have a pair of small horns on your head.
A weak demonic guardian rushes to your aid.


Message History

Found a scroll labelled UVVEOZ GUOF.
Found a stone staircase leading up.
There is a stone staircase leading up here.
There is a stone staircase leading up here.
e - a scroll labelled UVVEOZ GUOF
e - 2 scrolls labelled UVVEOZ GUOF (gained 1)
An orc warrior comes into view. It is wielding a +0 war axe.
Found a glowing war axe.
The orc warrior shouts!
You hear a shout!
An orc warrior is nearby!
Found a bloodstained altar of Trog.
The orc warrior hits you with a +0 war axe!
You hit the orc warrior.
You headbutt the orc warrior, but do no damage.
The orc warrior is lightly wounded.
The orc warrior closely misses you.
You barely miss the orc warrior.
The orc warrior is lightly wounded.
The orc warrior hits you with a +0 war axe!
You hit the orc warrior.
The orc warrior is moderately wounded.
The orc warrior hits you with a +0 war axe!
* * * LOW HITPOINT WARNING * * *
A demonic guardian appears!
You feel better.
The orc warrior hits you with a +0 war axe.
* * * LOW HITPOINT WARNING * * *
The orc warrior hits your shadow imp with a +0 war axe.
Your shadow imp gestures at the orc warrior.
The orc warrior writhes in agony!
You hit the orc warrior.
You headbutt the orc warrior, but do no damage.
The orc warrior is severely wounded.
The orc warrior hits you with a +0 war axe.
* * * LOW HITPOINT WARNING * * *
The orc warrior hits your shadow imp with a +0 war axe.
Your shadow imp hits the orc warrior but does no damage.
You hit the orc warrior but do no damage.
The orc warrior is severely wounded.
The orc warrior hits you with a +0 war axe!
You die...

#### ._.# # #.).#
∩#...# .# ##...# #.#
##.5.# #.# ##..o# #.#
# ##..@######.#
....#...##......####..
#.
#....................
#..########..####..#
..... #...####..##
##### #.#<..<....#
#....#####.# ####.#
..#


You could see an orc warrior (ally target) and a friendly shadow imp (summoned).

Vanquished Creatures
  Terence (D:2)
  2 gnolls (D:3)
  3 worms
  11 bats
  7 endoplasms
  4 giant cockroaches
  3 goblins
  6 hobgoblins
  3 jackals (D:3)
  2 kobolds
  A quokka (D:2)
  6 ball pythons
  2 frilled lizards
  6 rats
57 creatures vanquished.

Vanquished Creatures (collateral kills)
  A worm (D:2)
  A bat (D:1)
2 creatures vanquished.

Grand Total: 59 creatures vanquished

Notes
Turn   | Place    | Note
-------+----------+-------------------------------------------
     0 | D:1      | Graphine the Demonspawn Monk began the quest for the Orb.
     0 | D:1      | Reached XP level 1. HP: 18/18 MP: 1/1
     8 | D:1      | Found a faded altar of an unknown god.
   339 | D:1      | Gained mutation: A weak demonic guardian rushes to your
                  | aid. [demonic ancestry]
   339 | D:1      | Reached XP level 2. HP: 18/24 MP: 2/2
   929 | D:2      | Noticed a +0 triple crossbow
  1151 | D:2      | Noticed Terence
  1157 | D:2      | Gained mutation: You have a pair of small horns on your
                  | head. [demonic ancestry]
  1157 | D:2      | Reached XP level 3. HP: 21/29 MP: 3/3
  1162 | D:2      | Killed Terence
  1475 | D:2      | Found a stormy altar of Qazlal.
  1558 | D:2      | Noticed a +0 demon whip
  1560 | D:2      | Found Liduar's Weapon Shoppe.
  1692 | D:2      | Reached XP level 4. HP: 37/37 MP: 4/4
  2152 | D:3      | Identified the +0 war axe of the Endless Expanse {heavy,
                  | Str+3}
  2585 | D:4      | Noticed an orc warrior
  2586 | D:4      | Found a bloodstained altar of Trog.
  2595 | D:4      | Slain by an orc warrior

Illustrated notes

Levels and vault maps discovered:
D:1:      wander_arrival_lonely_grave, layout_loops_corners,
          basic_ecumenical_altar
D:2:      layout_loops_cross, serial_shops, nicolae_shop_mannequins,
          basic_altar, serial_bayou_lagoon_a, minmay_misc_feat_plants,
          st_stairs_9, minmay_diced_spiral, uniq_terence
D:3:      minmay_chambers_of_twos, layout_loops_ring, corexii_corridor_pit,
          chequers_serial_rivers_room_a
D:4:      layout_loops_ring, minmay_overflow_temple_hex,
          mainiacjoe_overflow_24_doors, nzn_overflow_gifts_of_might_and_magic,
          minmay_checkerbox, uniq_sigmund, uniq_duvessa

Skill      XL: |  1  2 |
---------------+-------+-----
Long Blades    | 3 |  3.5
Dodging        | 3 |  3.5
Fighting       | |  3.9
Throwing       | |  0.6

Action                     |  1- 3 |  4- 6 || total
---------------------------+-------+-------++-------
  Melee: Falchion          |    86 |    50 ||   136
         Headbutt          |     4 |     8 ||    12
    Use: Scroll            |     3 |     5 ||     8
         Potion            |       |     1 ||     1
 Armour: Robe              |    15 |    13 ||    28
  Dodge: Dodged            |    72 |    46 ||   118
